Match 42693100
Unlisted

Match 42693100
End
Selects Luftwaffe Battlegroup
Selects Luftwaffe Pioneer Support
Fallschirmpioneer Squad Paradrop
Construct Infanterie Kompanie
MG 42 Machine Gun Team
Fallschirmpioneer Squad Paradrop
Grenadier Squad
Selects Stuka Strafing Run
Construct Panzergrenadier Kompanie
Panzergrenadier Squad
Selects Fallschirmjäger Squad Paradrop
251 Medium Carrier
Fallschirmjäger Squad Paradrop
Selects LG40 Recoilless Gun Paradrop
LG40 Recoilless Gun Paradrop
Infanterie Officer Quarters
Forward Retreat Point
Stuka Strafing Run
Pak 40 Anti-tank Gun Team
Panzergrenadier Squad
Panzergrenadier Officer Quarters
Pak 40 Anti-tank Gun Team
Trash Panda
dumle
savage uncaged
skopcak
Scooter
Bia Bia Bia
BROken-J
.k boy
0
0

Comments sign in to comment!

No comments posted yet!